 Dungeon Crawl Stone Soup version 0.30-a0-377-g5cb311bc9f (webtiles) character file.

Game seed: 3510199296868380458

7875 qeuew the Fighter (level 11, -10/89 HPs)
             Began as a Formicid Fighter on Nov 27, 2022.
             Was a Priest of Makhleb.
             Killed from afar by an acid dragon (29 damage)
             ... with a splash of acid
             ... on level 11 of the Dungeon.
             The game lasted 00:19:46 (9676 turns).

qeuew the Fighter (Formicid Fighter)                Turns: 9676, Time: 00:19:46

Health: -10/89     AC:  4    Str: 23    XL:     11   Next: 45%
Magic:  17/17      EV: 12    Int:  8    God:    Makhleb [***...]
Gold:   614        SH:  6    Dex: 15    Spells: 10/10 levels left

rFire   + . .      SeeInvis +    a - +1 war axe
rCold   . . .      Faith    .    c - +0 buckler
rNeg    . . .      Spirit   .    b - +1 scale mail
rPois   .          Reflect  .    (helmet unavailable)
rElec   .          Harm     .    (no cloak)
rCorr   .          Rampage  .    (no gloves)
Will    +....                    (no boots)
Stlth   ..........               u - amulet of regeneration
HPRegen 1.14/turn                l - ring of protection from fire
MPRegen 0.15/turn                n - +4 ring of protection

@: corroded
A: permanent stasis, dig shafts and tunnels, antennae 3, four strong arms
a: Dig, Shaft Self, Renounce Religion, Minor Destruction, Lesser Servant of
Makhleb


You were on level 11 of the Dungeon.
You worshipped Makhleb.
Makhleb was most pleased with you.
You visited 2 branches of the dungeon, and saw 12 of its levels.
You also visited: Ossuary.

You collected 614 gold pieces.

Inventory:

Hand Weapons
 a - a +1 war axe (weapon)
Missiles
 s - 2 throwing nets
Armour
 b - a +1 scale mail (worn)
 c - a +0 buckler (worn)
Jewellery
 l - a ring of protection from fire (left hand)
 n - a +4 ring of protection (right hand)
 u - an amulet of regeneration (around neck)
 w - a ring of flight
 y - a ring of willpower
Wands
 e - a wand of paralysis (12)
 m - a wand of polymorph (16)
 q - a wand of light (17)
Scrolls
 j - 2 scrolls of fear
 k - a scroll of amnesia
 o - 2 scrolls of identify
 v - a scroll of fog
 x - a scroll of enchant armour
 A - a scroll of magic mapping
Potions
 d - 6 potions of might
 f - 2 potions of ambrosia
 g - 2 potions of flight
 h - 7 potions of curing
 i - 3 potions of mutation
 p - a potion of resistance
 r - a potion of brilliance
 t - a potion of magic
 z - 2 potions of heal wounds


   Skills:
 * Level 9.6 Fighting
 + Level 6.2 Axes
 + Level 7.3 Armour
 + Level 5.1 Dodging
 + Level 8.6 Shields
 * Level 9.0 Invocations
 + Level 5.6 Evocations


You had 10 spell levels left.
You didn't know any spells.
Your spell library contained the following spells:

 Spells                   Type           Power      Damage    Failure   Level
 Apportation              Tloc           0%         N/A       75%         1
 Freeze                   Ice            0%         1d3       75%         1
 Kiss of Death            Conj/Necr      0%         2d5       75%         1
 Necrotise                Necr           0%         1d4       75%         1
 Slow                     Hex            0%         N/A       75%         1
 Summon Small Mammal      Summ           0%         N/A       75%         1
 Momentum Strike          Conj/Tloc      0%         3d8       87%         2
 Call Canine Familiar     Summ           0%         N/A       98%         3
 Confusing Touch          Hex            0%         N/A       98%         3
 Frozen Ramparts          Ice            0%         1d1       98%         3
 Gell's Gravitas          Tloc           0%         N/A       98%         3
 Hailstorm                Conj/Ice       0%         3d3       98%         3
 Ignite Poison            Fire/Tmut/Pois 0%         N/A       98%         3
 Kindle Blastsparks       Fire/Tloc/Air  0%         2d10      98%         3
 Lesser Beckoning         Tloc           0%         N/A       98%         3
 Summon Guardian Golem    Hex/Summ       0%         N/A       98%         3
 Teleport Other           Tloc           0%         N/A       98%         3
 Vampiric Draining        Necr           0%         2d6       98%         3
 Animate Dead             Necr           0%         N/A       100%        4
 Cause Fear               Hex            0%         N/A       100%        4
 Dispel Undead            Necr           0%         3d6       100%        4
 Fulminant Prism          Conj/Hex       0%         3d5       100%        4
 Ice Form                 Ice/Tmut       0%         N/A       100%        4
 Iskenderun's Mystic Bla  Conj/Tloc      0%         2d3       100%        4
 Passage of Golubria      Tloc           0%         N/A       100%        4
 Sticky Flame             Conj/Fire      0%         2d3       100%        4
 Agony                    Necr           0%         N/A       100%        5
 Lee's Rapid Deconstruct  Erth           0%         3d4*      100%        5
 Silence                  Hex/Air        0%         N/A       100%        5
 Dispersal                Tloc           0%         N/A       100%        6
 Simulacrum               Ice/Necr       0%         N/A       100%        6
 Dragon Form              Tmut           0%         N/A       100%        7
 Haunt                    Necr/Summ      0%         N/A       100%        7
 Ignition                 Fire           0%         3d3       100%        8
 Infestation              Necr           0%         N/A       100%        8
 Lehudib's Crystal Spear  Conj/Erth      0%         10d2      100%        8
 Dragon's Call            Summ           0%         N/A       100%        9
 Blink                    Tloc           Unusable   N/A       N/A         2

Dungeon Overview and Level Annotations

Branches:
Dungeon (11/15)            Temple (1/1) D:4            Lair (0/5) D:9
Ossuary (visited)
    Orc: D:9-12

Altars:
Ashenzari
Cheibriados
Dithmenos
Elyvilon
Fedhas
Gozag
Hepliaklqana
Kikubaaqudgha
Makhleb
Nemelex Xobeh
Okawaru
Qazlal
Ru
Sif Muna
Trog
Uskayaw
Vehumet
Wu Jian
Xom
Yredelemnul
Zin
The Shining One

Shops:
D:2 (   D:4 *

Annotations:
D:4 3 runed translucent doors, mewnfare's ghost, novice OgBe
D:11 1 runed translucent door


Innate Abilities, Weirdness & Mutations

You cannot be hasted, slowed, berserked, paralysed or teleported.
You can dig through walls and to a lower floor.
You have a pair of large antennae on your head. (SInv)
Your four strong arms can wield two-handed weapons with a shield.


Message History

The acid dragon bites you! You block the acid dragon's attack.
You closely miss the acid dragon.
The acid dragon is lightly wounded.
The acid dragon bites you! The acid dragon claws you.
You slash the acid dragon!
The acid dragon is heavily wounded.
The acid dragon bites you but does no damage.
The acid dragon claws you but does no damage.
You hit the acid dragon but do no damage.
The acid dragon is heavily wounded.
You block the acid dragon's attack.
The acid dragon claws you but does no damage.
You hit the acid dragon.
The acid dragon is severely wounded.
The acid dragon spits acid at you. The splash of acid hits you!
The acid corrodes you!
You are too injured to fight recklessly!
You are too injured to fight recklessly!
You are too injured to fight recklessly!
You are too injured to fight recklessly!
You are too injured to fight recklessly!
You are too injured to fight recklessly!
You are too injured to fight recklessly!
You are too injured to fight recklessly!
You are too injured to fight recklessly!
You are too injured to fight recklessly!
You are too injured to fight recklessly!
You are too injured to fight recklessly!
You are too injured to fight recklessly!
Unknown command.
A demon appears!
The acid dragon bites you!
* * * LOW HITPOINT WARNING * * *
The acid dragon claws you but does no damage.
Unknown command.
The acid dragon attacks as you move away!
The acid dragon bites you but does no damage.
The acid dragon claws you but does no damage.
The acid dragon spits acid at you. The splash of acid hits you!!
You die...

..............#
..............#
..............#
..............####
..###'#####).....#
..#.......#......#
..#.......#......#
..#.).....#....4.#
..#...##..#.....@######
..#...# ..####'#......#
..#...# ..'......D...#
..#...# ..#..........#
..#...# .#..........#
..#...# #..........#
..###.# ########.###
....# .# {#.....# ....#
.+D #.....#


You could see an acid dragon (catching breath, ally target) and a friendly
orange demon (summoned).

Vanquished Creatures
  Pikel (D:4)
  Joseph (D:7)
  Psyche (D:9)
  A troll (D:9)
  A vampire (D:10)
  A shadow (D:10)
  3 yaks
  3 wraiths
  4 steam dragons
  5 water moccasins
  An orc warrior (D:7)
  4 black bears
  A sky beast (D:6)
  3 centaurs
  A lemure (D:4)
  2 phantoms
  Blork the orc (D:4)
  A gnoll sergeant (D:9)
  2 bullfrogs (D:7)
  4 scorpions
  12 wights
  4 killer bees (D:9)
  7 howler monkeys
  An electric eel (D:6)
  A centaur zombie (Ossuary)
  4 hounds
  2 jellies
  4 iguanas
  10 orc wizards
  16 gnolls
  8 adders
  2 white imps
  An adder zombie (Ossuary)
  2 worms
  2 dart slugs
  22 orcs
  8 endoplasms
  3 giant cockroaches
  A gnoll zombie (D:5)
  7 goblins
  8 hobgoblins
  11 kobolds
  5 quokkas
  9 ball pythons
  A ball python skeleton (Ossuary)
  7 bats
  3 frilled lizards
  4 hobgoblin skeletons (Ossuary)
  2 orc skeletons (Ossuary)
  6 rats
214 creatures vanquished.

Vanquished Creatures (collateral kills)
  A gargoyle (D:11)
  A hornet (D:9)
  2 yaks (D:9)
  An orc warrior (D:10)
  A gnoll sergeant (D:10)
  A gnoll (D:10)
7 creatures vanquished.

Vanquished Creatures (others)
  A sky beast (D:8)
  An orc (D:8)
2 creatures vanquished.

Grand Total: 223 creatures vanquished

Notes
Turn   | Place    | Note
-------+----------+-------------------------------------------
     0 | D:1      | qeuew the Formicid Fighter began the quest for the Orb.
     0 | D:1      | Reached XP level 1. HP: 18/18 MP: 1/1
   280 | D:1      | Reached XP level 2. HP: 24/24 MP: 2/2
  1049 | D:2      | Reached XP level 3. HP: 25/30 MP: 3/3
  1340 | D:2      | Found Wiozoph's Weapon Boutique.
  1373 | D:2      | Reached skill level 1 in Dodging
  1373 | D:2      | Reached XP level 4. HP: 37/37 MP: 4/4
  1930 | D:3      | Reached XP level 5. HP: 42/42 MP: 5/5
  1987 | D:3      | Noticed a black bear
  1997 | D:3      | Killed a black bear
  2009 | D:3      | Reached XP level 6. HP: 18/49 MP: 6/6
  2364 | D:3      | Found a bloodstained altar of Trog.
  2699 | D:4      | Found Bala's General Store.
  2789 | D:4      | Found a staircase to the Ecumenical Temple.
  2799 | Temple   | Entered the Ecumenical Temple
  2864 | Temple   | Became a worshipper of Makhleb the Destroyer
  2913 | D:4      | Reached skill level 5 in Shields
  3014 | D:4      | Noticed Blork the orc
  3029 | D:4      | Killed Blork the orc
  3030 | D:4      | Reached skill level 5 in Fighting
  3030 | D:4      | Reached skill level 1 in Invocations
  3116 | D:4      | You fall into a shaft and drop 2 floors!
  3123 | D:6      | Noticed a black bear
  3130 | D:6      | Killed a black bear
  3131 | D:6      | Reached skill level 1 in Evocations
  3131 | D:6      | Reached XP level 7. HP: 41/56 MP: 6/8
  3281 | D:5      | Entered Level 5 of the Dungeon
  3430 | D:5      | Found a sand-covered staircase.
  3443 | Ossuary  | Entered an ossuary
  3523 | Ossuary  | Reached * piety under Makhleb
  3631 | Ossuary  | Noticed a flying skull
  3631 | Ossuary  | Noticed a wraith
  3662 | Ossuary  | Noticed a flying skull
  3813 | Ossuary  | Noticed a flying skull
  3813 | Ossuary  | Noticed a flying skull
  3822 | Ossuary  | Noticed a wraith
  3834 | Ossuary  | Killed a wraith
  3835 | Ossuary  | Reached XP level 8. HP: 54/64 MP: 10/10
  3872 | Ossuary  | Noticed a flying skull
  3985 | Ossuary  | Noticed a wraith
  3998 | Ossuary  | Killed a wraith
  3999 | Ossuary  | Reached skill level 5 in Armour
  4504 | D:4      | Found a runed translucent gate.
  4505 | D:4      | Found a runed translucent gate.
  4505 | D:4      | Found an opulent altar of Gozag.
  4506 | D:4      | Found a runed translucent gate.
  4508 | D:4      | Noticed mewnfare's ghost (novice OgBe)
  4637 | D:4      | Noticed Pikel
  4663 | D:4      | Killed Pikel
  4664 | D:4      | Reached skill level 5 in Invocations
  4664 | D:4      | Reached XP level 9. HP: 40/71 MP: 12/12
  5533 | D:5      | Found a blossoming altar of Fedhas.
  5533 | D:5      | Found a basalt altar of Yredelemnul.
  5778 | D:6      | Found a shimmering altar of Xom.
  5912 | D:6      | Reached ** piety under Makhleb
  5939 | D:5      | Reached skill level 5 in Axes
  5953 | D:5      | Reached XP level 10. HP: 69/80 MP: 14/14
  6587 | D:7      | Noticed Joseph
  6602 | D:7      | Killed Joseph
  7419 | D:8      | Reached *** piety under Makhleb
  7590 | D:8      | Found a sparkling altar of Nemelex Xobeh.
  7711 | D:9      | Found an iron altar of Okawaru.
  7857 | D:9      | Noticed Psyche
  7866 | D:9      | Killed Psyche
  7867 | D:9      | Reached skill level 5 in Evocations
  7936 | D:9      | Found a staircase to the Lair.
  8074 | D:9      | Reached XP level 11. HP: 63/87 MP: 17/17
  8621 | D:9      | Found a shimmering blue altar of Sif Muna.
  8687 | D:10     | Entered Level 10 of the Dungeon
  8717 | D:9      | Reached skill level 5 in Dodging
  8780 | D:10     | Found an opulent altar of Gozag.
  8971 | D:10     | Found a hazy altar of Hepliaklqana.
  9667 | D:11     | Found a runed translucent door.
  9675 | D:11     | Noticed a seven-headed hydra
  9676 | D:11     | Killed from afar by an acid dragon

Illustrated notes

Levels and vault maps discovered:
D:1:      dpeg_arrival_circle_labyrinth_b, layout_basic
D:2:      layout_basic, serial_shops, nicolae_shop_crystal
D:3:      layout_loops_ring, marbit_many_paths, hangedman_decor_clover_reticule
D:4:      minmay_chambers_of_threes, layout_basic, minmay_temple_entry_grid,
          ebering_ghost_gozag, serial_shops, nicolae_shop_hallway_stairs,
          uniq_blork_the_orc, uniq_pikel
D:5:      layout_basic, mainiacjoe_overflow_divided_tiny, enter_ossuary_3
D:6:      layout_cave_pools, mainiacjoe_overflow_boulevard, minivault_4
D:7:      layout_basic, uniq_joseph
D:8:      layout_cave_pools, lemuel_round_altar
D:9:      layout_grid_maze, hellmonk_okawaru_the_only_friend_you_need,
          lemuel_blue_sif_altar, uniq_psyche
D:10:     layout_cross, mainiacjoe_overflow_tiny_flanked,
          nicolae_gozag_seed_capital, dk_noncrumbling_3
D:11:     layout_gridville, ebering_ghost_inner_flame
Temple:   cyrus_circular_temple

Skill      XL: |  1  2  3  4  5  6  7  8  9 10 11 |
---------------+----------------------------------+-----
Dodging        | 1 2 3 4 5 |  5.1
Fighting       | 4 5 6 7 8 9 |  9.6
Armour         | 4 5 6 7 |  7.3
Axes           | 3 4 5 6 |  6.2
Shields        | 5 6 7 8 |  8.6
Invocations    | 1 3 5 6 8 9 |  9.0
Evocations     | 1 2 3 4 5 |  5.6

Action                   |  1- 3 |  4- 6 |  7- 9 | 10-12 || total
-------------------------+-------+-------+-------+-------++-------
Melee: War axe           |    94 |   132 |   289 |   243 ||   758
Invok: Minor Destruction |       |       |       |   119 ||   119
       Lesser Servant of |       |       |       |     6 ||     6
  Use: Potion            |     3 |     1 |     4 |     5 ||    13
       Scroll            |     2 |     8 |     5 |     4 ||    19
 Stab: Invisible         |       |       |       |     2 ||     2
Armor: Scale mail        |    43 |    86 |   141 |   151 ||   421
       Skin              |       |     7 |       |       ||     7
Dodge: Dodged            |    40 |    81 |   168 |   235 ||   524
Block: Buckler           |    19 |    38 |   101 |   123 ||   281

Table legend: (Time is in decaauts)
 A = Elapsed time spent in this place.
 B = Non-inter-level travel time spent in this place.
 C = Inter-level travel time spent in this place.
 D = Time resting spent in this place.
 E = Time spent auto-exploring this place.
 F = Levels seen in this place.
 G = Mean time per level.
                   A        B        C        D        E       F      G
               +--------+--------+--------+--------+--------+-----+--------+
         Total |   9917 |   9624 |    293 |     88 |   7528 |  13 |  762.8 |
       Dungeon |   9127 |   8859 |    268 |     88 |   6978 |  11 |  829.7 |
        Temple |     77 |     52 |     25 |      0 |     42 |   1 |   77.0 |
       Ossuary |    712 |    712 |      0 |      0 |    508 |   1 |  712.0 |
               +--------+--------+--------+--------+--------+-----+--------+

Top non-repeatable levels by time:
     D:5: 1175 daAuts
     D:9: 1112 daAuts
     D:1: 1041 daAuts
     D:4: 1026 daAuts
     D:7: 927 daAuts
     D:3: 925 daAuts
     D:2: 810 daAuts
 Ossuary: 712 daAuts
     D:6: 701 daAuts
    D:10: 677 daAuts
     D:8: 467 daAuts
    D:11: 262 daAuts
  Temple: 77 daAuts
